[Event "Torneio Nacional Honour 2017-18"]
[Site "Cascais"]
[Date "2018.08.11"]
[Round "1"]
[White "Santos, Isabel"]
[Black "Santos, Ruben Jose Melo"]
[Result "0-1"]
[ECO "A62"]
[WhiteElo "2005"]
[BlackElo "1718"]
[Annotator "NA"]
[PlyCount "102"]
[EventDate "2018.08.11"]
[EventType "tourn"]
[EventCountry "POR"]
[SourceTitle "playchess.com"]
[Source "ChessBase"]
[SourceQuality "1"]
[TimeControl "5400+30"]

1. d4 Nf6 2. c4 c5 3. d5 e6 4. Nc3 d6 5. g3 exd5 6. cxd5 g6 7. Bg2 Bg7 8. Nf3 O-O 9. O-O Re8 10. Ng5 Na6 11. e4 Nc7 12. Re1 b5 13. e5 Nh5 14. g4 Bxg4 15. Qxg4 Bxe5 16. Bd2 b4 17. Nd1 f5 18. Qh3 Bxh2+ 19. Qxh2 Rxe1+ 20. Bxe1 Qxg5 21. Qxd6 Nf4 22. Ne3 Ncxd5 23. Qc6 Rd8 24. Rd1 Ne2+ 25. Kf1 Nxe3+ 26. fxe3 Rxd1 27. Kxe2 Qd8 28. Qe6+ Kf8 29. Qc4 Qd6 30. Qc2 Ra1 31. b3 Qa6+ 32. Kf3 Qa5 33. Qd2 Qb6 34. Bg3 Ke7 35. Bh4+ Ke6 36. Qb2 Rg1 37. Qf6+ Kd7 38. Qe7+ Kc8 39. Qe8+ Kb7 40. Kf2+ Rxg2+ 41. Kxg2 Qc6+ 42. Qxc6+ Kxc6 43. Kf3 Kd5 44. Be7 a5 45. Kf4 c4 46. Bf6 c3 47. Bd4 h6 48. Bg7 Ke6 49. Kf3 g5 50. e4 h5 51. Bh6 fxe4+ 0-1

[Event "Torneio Nacional Honour 2017-18"]
[Site "Cascais"]
[Date "2018.08.11"]
[Round "1"]
[White "Godinho Marques, Pedro"]
[Black "Goncalves, Carlos Manuel M"]
[Result "1-0"]
[ECO "A45"]
[WhiteElo "1862"]
[BlackElo "1645"]
[Annotator "NA"]
[PlyCount "111"]
[EventDate "2018.08.11"]
[EventType "tourn"]
[EventCountry "POR"]
[SourceTitle "playchess.com"]
[Source "ChessBase"]
[SourceQuality "1"]
[TimeControl "5400+30"]

1. d4 Nf6 2. Bf4 e6 3. Nf3 Be7 4. h3 c5 5. e3 Nc6 6. c3 b6 7. Nbd2 Nd5 8. Bg3 cxd4 9. cxd4 Bb4 10. Bd3 Qe7 11. O-O Bxd2 12. Qxd2 Bb7 13. Rac1 O-O 14. Bh4 f6 15. Rfe1 Rac8 16. e4 Nc7 17. d5 Nb4 18. Bc4 Ne8 19. Nd4 Rxc4 20. Rxc4 Na6 21. Nb5 d6 22. Nxa7 Nc5 23. Nc6 Qd7 24. Nb4 e5 25. Nd3 Nxd3 26. Qxd3 Ba6 27. Qc2 Bxc4 28. Qxc4 h5 29. f3 Nc7 30. Rc1 Rc8 31. Bf2 b5 32. Qc6 Qxc6 33. Rxc6 Ra8 34. Rxc7 Rxa2 35. Rc2 Kf8 36. Kf1 Ke8 37. Ke2 Kd7 38. Kd3 Ra6 39. Kc3 Ra4 40. Kb3 g6 41. Rc6 f5 42. exf5 gxf5 43. Rb6 Ra5 44. Rb7+ Kc8 45. Rh7 b4 46. Rxh5 Rxd5 47. Rg5 e4 48. fxe4 Rd2 49. Rxf5 Re2 50. Rf4 Kd7 51. g4 Ke6 52. Bd4 Rd2 53. Kc4 b3 54. Bc3 d5+ 55. exd5+ Rxd5 56. Rf6+ 1-0

[Event "Torneio Nacional Honour 2017-18"]
[Site "Cascais"]
[Date "2018.08.11"]
[Round "1"]
[White "Guia, Artur Solovyov Eloy"]
[Black "Horta, Antonio Mauricio Ri"]
[Result "1/2-1/2"]
[ECO "B07"]
[WhiteElo "1818"]
[BlackElo "1950"]
[Annotator "NA"]
[PlyCount "78"]
[EventDate "2018.08.11"]
[EventType "tourn"]
[EventCountry "POR"]
[SourceTitle "playchess.com"]
[Source "ChessBase"]
[SourceQuality "1"]
[TimeControl "5400+30"]

1. e4 d6 2. d4 Nf6 3. Nc3 g6 4. g3 Bg7 5. Bg2 O-O 6. Nge2 c6 7. h3 Nbd7 8. a4 e5 9. O-O Qe7 10. Be3 Re8 11. Re1 Qf8 12. Qd2 exd4 13. Bxd4 Ne5 14. b3 c5 15. Be3 Bxh3 16. Rad1 Bxg2 17. Kxg2 Nc6 18. Qxd6 Qxd6 19. Rxd6 Nxe4 20. Nxe4 Rxe4 21. Kf3 Rae8 22. Red1 R4e7 23. Nf4 Nd4+ 24. Bxd4 cxd4 25. Rd2 Rc7 26. Nd5 Rc6 27. Rd7 Rc5 28. b4 Rc4 29. Rxb7 Rd8 30. Nf4 Bf8 31. Nd3 a5 32. bxa5 Rxa4 33. Rb5 Ra8 34. Nc5 R4xa5 35. Rxa5 Rxa5 36. Nb3 Rf5+ 37. Ke4 Bb4 38. Re2 Bc3 39. Nxd4 Rf6 1/2-1/2

[Event "Torneio Nacional Honour 2017-18"]
[Site "Cascais"]
[Date "2018.08.11"]
[Round "1"]
[White "De Moura, Fernando Alves"]
[Black "Santos, Jose Barria"]
[Result "0-1"]
[ECO "B50"]
[WhiteElo "1814"]
[BlackElo "2062"]
[Annotator "NA"]
[PlyCount "68"]
[EventDate "2018.08.11"]
[EventType "tourn"]
[EventCountry "POR"]
[SourceTitle "playchess.com"]
[Source "ChessBase"]
[SourceQuality "1"]
[TimeControl "5400+30"]

1. e4 c5 2. Nf3 d6 3. c3 Nf6 4. Be2 Nc6 5. d3 e5 6. Nbd2 Be7 7. Nf1 d5 8. Qc2 h6 9. Ng3 Be6 10. h3 Rc8 11. O-O O-O 12. Rd1 Qc7 13. Bd2 Rfd8 14. Nh2 d4 15. Ng4 Qd7 16. Nxf6+ Bxf6 17. Qc1 b5 18. Nh5 Qe7 19. g4 c4 20. Nxf6+ Qxf6 21. g5 hxg5 22. Bxg5 Qg6 23. Kh2 f6 24. f4 cxd3 25. Bf3 Bd7 26. Rg1 fxg5 27. f5 Qf6 28. Rxg5 d2 29. Qg1 Be8 30. Rd1 dxc3 31. bxc3 b4 32. cxb4 Nd4 33. Bh1 Ne2 34. Rxd2 Nxg1 0-1

[Event "Torneio Nacional Honour 2017-18"]
[Site "Cascais"]
[Date "2018.08.11"]
[Round "1"]
[White "Sa, Claudio Simao Carva"]
[Black "Lavrador, Rodolfo M Mascarenh"]
[Result "1-0"]
[ECO "C01"]
[WhiteElo "1790"]
[BlackElo "1859"]
[Annotator "NA"]
[PlyCount "111"]
[EventDate "2018.08.11"]
[EventType "tourn"]
[EventCountry "POR"]
[SourceTitle "playchess.com"]
[Source "ChessBase"]
[SourceQuality "1"]
[TimeControl "5400+30"]

1. e4 e6 2. d4 d5 3. exd5 exd5 4. Nc3 c6 5. Bd3 Bd6 6. Nge2 Bg4 7. h3 Qh4 8. Be3 Ne7 9. Qd2 Bxe2 10. Nxe2 h6 11. O-O Nd7 12. Bf4 Bxf4 13. Qxf4 Qxf4 14. Nxf4 O-O-O 15. Rfe1 Rhe8 16. Nh5 Ng6 17. Nxg7 Rg8 18. Nf5 Nf6 19. Nxh6 Rgf8 20. Nxf7 Rxf7 21. Bxg6 Rg7 22. Bf5+ Kc7 23. Re6 Nh5 24. Rae1 Kb6 25. Rh6 Nf4 26. g3 Rf8 27. Bg4 Ng6 28. Re6 Ne7 29. Rhf6 Rh8 30. Kg2 Kb5 31. Be2+ Kb6 32. h4 Ng8 33. Rg6 Rxg6 34. Rxg6 Ne7 35. Rf6 a5 36. h5 Kc7 37. h6 Kd8 38. Rd6+ Kc7 39. Rf6 Kd8 40. Bh5 Kd7 41. g4 Ng8 42. Rf7+ Ke6 43. g5 Ne7 44. Rf6+ Kd7 45. Bg4+ Ke8 46. Kh3 Ng8 47. Bh5+ Ke7 48. Rf7+ Ke6 49. h7 Ne7 50. g6 b5 51. g7 Rxh7 52. Rxe7+ Kxe7 53. g8=Q Rxh5+ 54. Kg4 Rh1 55. Qg7+ Kd8 56. Qb7 1-0

[Event "Torneio Nacional Honour 2017-18"]
[Site "Cascais"]
[Date "2018.08.12"]
[Round "2"]
[White "Santos, Jose Barria"]
[Black "Godinho Marques, Pedro"]
[Result "1-0"]
[ECO "C68"]
[WhiteElo "2062"]
[BlackElo "1862"]
[Annotator "NA"]
[PlyCount "41"]
[EventDate "2018.08.11"]
[EventType "tourn"]
[EventCountry "POR"]
[SourceTitle "playchess.com"]
[Source "ChessBase"]
[SourceQuality "1"]
[TimeControl "5400+30"]

1. e4 e5 2. Nf3 Nc6 3. Bb5 a6 4. Bxc6 dxc6 5. O-O Bg4 6. d3 Qf6 7. Nbd2 Ne7 8. h3 h5 9. Re1 Ng6 10. d4 Bxf3 11. Nxf3 Be7 12. c3 O-O-O 13. Bg5 Qe6 14. Bxe7 Qxe7 15. Qc1 f6 16. Qe3 Kb8 17. a4 Qe6 18. b4 Ne7 19. b5 a5 20. bxc6 bxc6 21. dxe5 1-0

[Event "Torneio Nacional Honour 2017-18"]
[Site "Cascais"]
[Date "2018.08.12"]
[Round "2"]
[White "Horta, Antonio Mauricio Ri"]
[Black "Santos, Ruben Jose Melo"]
[Result "1-0"]
[ECO "A46"]
[WhiteElo "1950"]
[BlackElo "1718"]
[Annotator "NA"]
[PlyCount "105"]
[EventDate "2018.08.11"]
[EventType "tourn"]
[EventCountry "POR"]
[SourceTitle "playchess.com"]
[Source "ChessBase"]
[SourceQuality "1"]
[TimeControl "5400+30"]

1. d4 Nf6 2. Nf3 e6 3. g3 d5 4. Bg2 c5 5. O-O cxd4 6. Nxd4 Be7 7. c4 Nc6 8. Nc3 e5 9. Nxc6 bxc6 10. cxd5 cxd5 11. Nxd5 Nxd5 12. Bxd5 Rb8 13. Bc6+ Bd7 14. Bxd7+ Qxd7 15. Qxd7+ Kxd7 16. Rb1 Rhc8 17. Be3 Rc2 18. Rfd1+ Ke6 19. Rd2 Rbc8 20. Rbd1 Rxd2 21. Rxd2 Bb4 22. Rd3 Rc2 23. Rb3 a5 24. a3 Bc5 25. Bxc5 Rxc5 26. e4 Kd6 27. Rb7 Ke6 28. Kg2 h5 29. h4 g6 30. Rb6+ Kd7 31. b3 Rc3 32. a4 Rc5 33. Kf1 Ke7 34. Ke2 f6 35. Kd3 Kf7 36. Rb5 Rc1 37. Rxa5 Ke6 38. Ra6+ Kf7 39. Rb6 f5 40. exf5 gxf5 41. a5 e4+ 42. Kd4 Rc2 43. Ke3 Ke7 44. a6 Kd7 45. a7 Ra2 46. Rb7+ Kc6 47. Rf7 Ra5 48. Rxf5 Rxa7 49. Kxe4 Rb7 50. Rxh5 Rxb3 51. Rf5 Kd6 52. Kf4 Ke6 53. Kg5 1-0

[Event "Torneio Nacional Honour 2017-18"]
[Site "Cascais"]
[Date "2018.08.12"]
[Round "2"]
[White "Lavrador, Rodolfo M Mascarenh"]
[Black "Santos, Isabel"]
[Result "1/2-1/2"]
[ECO "B17"]
[WhiteElo "1859"]
[BlackElo "2005"]
[Annotator "NA"]
[PlyCount "113"]
[EventDate "2018.08.11"]
[EventType "tourn"]
[EventCountry "POR"]
[SourceTitle "playchess.com"]
[Source "ChessBase"]
[SourceQuality "1"]
[TimeControl "5400+30"]

1. e4 c6 2. d4 d5 3. Nc3 dxe4 4. Nxe4 Nd7 5. Nf3 Ngf6 6. Nxf6+ Nxf6 7. Bd3 e6 8. O-O c5 9. dxc5 Bxc5 10. Qe2 O-O 11. Bg5 Be7 12. Rad1 Qa5 13. a3 h6 14. Bc1 Bd7 15. Ne5 Rad8 16. Rfe1 a6 17. c4 Ba4 18. Rd2 Nd7 19. Nxd7 Rxd7 20. b4 Qd8 21. Bb1 Rxd2 22. Bxd2 Qd4 23. Qe4 Qxe4 24. Bxe4 Rd8 25. Bc3 Rd7 26. g3 Bb3 27. c5 a5 28. Kg2 f5 29. Bf3 Kf7 30. h4 Bd5 31. Bxd5 Rxd5 32. Re2 Bf6 33. Rc2 Bxc3 34. Rxc3 axb4 35. axb4 Ke7 36. Kf3 g5 37. hxg5 hxg5 38. Ke3 e5 39. b5 Kd7 40. Rd3 Ke6 $1 41. Rc3 Kd7 42. f3 Kc7 $11 43. g4 fxg4 44. fxg4 Rd4 45. Kf3 Rf4+ 46. Kg3 Rb4 47. Re3 e4 48. b6+ Kc6 49. Rc3 Rd4 50. Kf2 Rd5 51. Ke3 Rd3+ 52. Rxd3 exd3 53. Kxd3 Kxc5 54. Ke4 Kxb6 55. Kf5 Kc6 56. Kxg5 b5 57. Kf4 1/2-1/2

[Event "Torneio Nacional Honour 2017-18"]
[Site "Cascais"]
[Date "2018.08.12"]
[Round "2"]
[White "Guia, Artur Solovyov Eloy"]
[Black "De Moura, Fernando Alves"]
[Result "1-0"]
[ECO "C61"]
[WhiteElo "1818"]
[BlackElo "1814"]
[Annotator "NA"]
[PlyCount "43"]
[EventDate "2018.08.11"]
[EventType "tourn"]
[EventCountry "POR"]
[SourceTitle "playchess.com"]
[Source "ChessBase"]
[SourceQuality "1"]
[TimeControl "5400+30"]

1. e4 e5 2. Nf3 Nc6 3. Bb5 Nd4 4. Nxd4 exd4 5. O-O Qg5 6. Bc4 Bc5 7. d3 Qg6 8. Re1 Ne7 9. f4 d6 10. f5 Qf6 11. Qg4 h6 12. Qh5 d5 13. Bxd5 Nxd5 14. exd5+ Be7 15. Bf4 O-O 16. Bxc7 Bd6 17. Bxd6 Qxd6 18. Qf3 Qf6 19. Rf1 Re8 20. Nd2 Re5 21. Ne4 Qxf5 22. Qg3 1-0

[Event "Torneio Nacional Honour 2017-18"]
[Site "Cascais"]
[Date "2018.08.12"]
[Round "2"]
[White "Goncalves, Carlos Manuel M"]
[Black "Sa, Claudio Simao Carva"]
[Result "0-1"]
[ECO "A04"]
[WhiteElo "1645"]
[BlackElo "1790"]
[Annotator "NA"]
[PlyCount "138"]
[EventDate "2018.08.11"]
[EventType "tourn"]
[EventCountry "POR"]
[SourceTitle "playchess.com"]
[Source "ChessBase"]
[SourceQuality "1"]
[TimeControl "5400+30"]

1. Nf3 g6 2. g3 Bg7 3. Bg2 f5 4. d3 Nf6 5. c3 d6 6. Qb3 e6 7. Ng5 d5 8. c4 c6 9. cxd5 cxd5 10. O-O O-O 11. e4 h6 12. Nh3 Nc6 13. exd5 Nd4 14. Qd1 Nxd5 15. Nc3 Nxc3 16. bxc3 Nb5 17. Bb2 Nxc3 18. Bxc3 Bxc3 19. Rb1 Rb8 20. Nf4 Kh7 21. Qb3 Bg7 22. Nxe6 Bxe6 23. Qxe6 Re8 24. Qd5 b6 25. Qb5 Re5 26. Qa6 Ra5 27. Qc4 Rc8 28. Qb3 Rc3 29. Qf7 Rxd3 30. Rbc1 Rd7 31. Qe6 Re7 32. Qb3 Re2 33. Rfd1 Qf8 34. Rd7 Rc5 35. Rcd1 Rce5 36. Rxa7 Qc5 37. Rxg7+ Kxg7 38. Rd7+ Re7 39. Rxe7+ Rxe7 40. Qf3 Qc1+ 41. Bf1 Qc2 42. Qd5 Qe4 43. Bc4 Qxd5 44. Bxd5 Kf6 45. Kg2 Ke5 46. Bb3 g5 47. Kf3 Rc7 48. Ke3 Rc3+ 49. Kd2 Rf3 50. Ke2 g4 51. h3 h5 52. Bf7 Ra3 53. hxg4 hxg4 54. Bb3 Kd4 55. f3 Ra5 56. fxg4 fxg4 57. Kd2 Rh5 58. Be6 Rh2+ 59. Kc1 Kc3 60. Bxg4 Rxa2 61. Kd1 Rg2 62. Ke1 Rxg3 63. Bh5 Rg2 64. Kf1 Rb2 65. Bg6 b5 66. Ke1 b4 67. Kd1 b3 68. Kc1 Rg2 69. Kd1 Rxg6 0-1

[Event "Torneio Nacional Honour 2017-18"]
[Site "Cascais"]
[Date "2018.08.12"]
[Round "3"]
[White "Santos, Isabel"]
[Black "Goncalves, Carlos Manuel M"]
[Result "1-0"]
[ECO "E91"]
[WhiteElo "2005"]
[BlackElo "1645"]
[Annotator "NA RC"]
[PlyCount "69"]
[EventDate "2018.08.11"]
[EventType "tourn"]
[EventCountry "POR"]
[SourceTitle "playchess.com"]
[Source "ChessBase"]
[SourceQuality "1"]
[TimeControl "5400+30"]

1. d4 Nf6 2. Nf3 g6 3. c4 Bg7 4. Nc3 O-O {[%emt 0:00:17] LiveBook: 11880 Games} 5. e4 d6 6. Be2 Nbd7 7. O-O c6 8. Be3 a5 {[%emt 0:00:56] E91: King's Indian: Classical: 6 Be2, unusual replies including 6...c5 and 6...Bg4} (8... e5 9. d5 c5 10. Bg5 h6 11. Bd2 Ne8 12. Qc1 Kh7 13. g3 Ndf6 14. Nh4 Bd7 15. a3 Ng8 16. b4 Ne7 17. Rb1 b6 {1-0 (43) Can,E (2561)-Onischuk,V (2601) Budapest 2017}) 9. a3 Re8 $146 ({Predecessor:} 9... e5 10. d5 c5 11. Qc2 Ne8 12. b4 f5 13. exf5 gxf5 14. Ng5 axb4 15. Ne6 Qe7 16. Nxf8 Qxf8 17. axb4 Rxa1 18. Rxa1 cxb4 {1-0 (41) Kiviaho,A (2202)-Munukka,T (1993) Helsinki 2005}) 10. b4 e5 11. d5 Ng4 12. Bg5 f6 13. Bh4 g5 14. Bg3 axb4 15. axb4 Rxa1 16. Qxa1 f5 17. Nd2 f4 18. Bxg4 fxg3 19. fxg3 Qb6+ 20. Kh1 $16 Qxb4 21. Rb1 Qc5 22. Bxd7 Bxd7 23. Rxb7 Bg4 24. h3 Bh5 25. Qa7 Qxa7 26. Rxa7 cxd5 27. exd5 Rf8 28. Nce4 g4 29. Nxd6 gxh3 30. gxh3 Rf2 31. Ra8+ Bf8 32. N6e4 Bf3+ 33. Nxf3 Rxf3 34. d6 Rd3 35. d7 1-0

[Event "Torneio Nacional Honour 2017-18"]
[Site "Cascais"]
[Date "2018.08.12"]
[Round "3"]
[White "Godinho Marques, Pedro"]
[Black "Guia, Artur Solovyov Eloy"]
[Result "1/2-1/2"]
[ECO "D00"]
[WhiteElo "1862"]
[BlackElo "1818"]
[Annotator "NA RC"]
[PlyCount "44"]
[EventDate "2018.08.11"]
[EventType "tourn"]
[EventCountry "POR"]
[SourceTitle "playchess.com"]
[Source "ChessBase"]
[SourceQuality "1"]
[TimeControl "5400+30"]

1. d4 d5 2. Bf4 Nf6 3. e3 e6 4. Nf3 c5 5. c3 Nc6 6. Bd3 Bd6 7. Ne5 {[%emt 0:07:24] D02: 1 d4 d5 2 Nf3 sidelines, including 2...Nf6 3 g3 and 2...Nf6 3 Bf4} (7. Bg3 O-O 8. Nbd2 b6 9. Ne5 Bb7 10. f4 Ne7 11. Qb1 g6 12. Bh4 Nf5 13. Bf2 Bxe5 14. fxe5 Ng4 15. Bxf5 exf5 16. Nf3 f6 17. h3 Nxf2 18. Kxf2 fxe5 19. Nxe5 {0-1 (48) Nagle,S (2432)-Ludwig,J (2388) chess.com INT 2018}) 7... Bxe5 8. Bxe5 Nxe5 9. dxe5 Nd7 10. f4 c4 11. Bc2 Qb6 12. Qc1 Nc5 13. O-O Bd7 14. Kh1 $146 ({Predecessor:} 14. Na3 Ba4 {½-½ (25) Kiseleva,A (1877)-Belenkaya,D (2028) St Petersburg 2009}) 14... Ba4 15. Bxa4+ Nxa4 16. b3 cxb3 17. axb3 Nc5 18. Ra3 O-O 19. Qc2 Ne4 $17 20. Qd3 Nc5 21. Qc2 Ne4 22. Qd3 Nc5 1/2-1/2

[Event "Torneio Nacional Honour 2017-18"]
[Site "Cascais"]
[Date "2018.08.12"]
[Round "3"]
[White "De Moura, Fernando Alves"]
[Black "Horta, Antonio Mauricio Ri"]
[Result "0-1"]
[ECO "B00"]
[WhiteElo "1814"]
[BlackElo "1950"]
[Annotator "NA RC"]
[PlyCount "86"]
[EventDate "2018.08.11"]
[EventType "tourn"]
[EventCountry "POR"]
[SourceTitle "playchess.com"]
[Source "ChessBase"]
[SourceQuality "1"]
[TimeControl "5400+30"]

1. e4 d6 2. d4 Nf6 3. Bd3 e5 4. c3 Be7 5. Nd2 {[%emt 0:02:11] B07: Pirc Defence: Miscellaneous Systems} (5. Nf3 Nbd7 6. O-O O-O 7. Re1 Re8 8. Nbd2 Bf8 9. Nf1 b6 10. Ng3 Bb7 11. h3 g6 12. Bg5 h6 13. Bd2 Bg7 14. Qc2 Rc8 15. Rad1 exd4 16. cxd4 {0-1 (85) Alekseev,E (2616)-Khismatullin,D (2632) Riadh 2017}) 5... O-O 6. Ndf3 Nbd7 7. h3 $146 ({Predecessor:} 7. Ne2 d5 8. Ng3 dxe4 9. Nxe4 Nxe4 10. Bxe4 Nf6 11. Bc2 exd4 12. Qxd4 Bg4 {0-1 (34) Choong,M (1885)-Turikov,V (2270) Rijeka 2011}) 7... Re8 8. Ne2 Nf8 9. Be3 Ng6 10. Qc2 Bf8 11. O-O-O Qe7 12. Ng3 Nf4 13. Bxf4 exf4 14. Ne2 Nxe4 15. Nxf4 c6 16. Rhf1 (16. Rhe1 $11 f5 17. d5) 16... g6 17. Kb1 Bh6 18. Ne2 Ng5 19. Neg1 Ne6 20. Rfe1 Qf6 21. Ne2 Nc7 22. Ka1 Be6 23. Ng3 Nd5 24. Bf1 Qd8 25. Nd2 b5 26. Be2 Qa5 27. Nb3 Qc7 28. Bd3 a5 29. Ne4 a4 30. Nbd2 b4 $2 ({Black should try} 30... f5 $19 31. Ng3 Nf4) 31. a3 $2 (31. c4 $17 {is a better defense.} b3 32. Qc1) 31... bxa3 32. bxa3 Reb8 33. Rb1 Bg7 34. Rxb8+ Rxb8 35. Rb1 Rxb1+ 36. Kxb1 Nb6 ({Keinesfalls} 36... f5 37. Ng5 $15) ({Günstiger ist} 36... Nf4 $19 37. Bf1 d5) 37. f3 c5 38. dxc5 dxc5 39. c4 Qe5 40. Kc1 f5 41. Nf2 $2 (41. Ng5) 41... Qe1+ 42. Nd1 Bh6 43. Bf1 $19 (43. Qc3) 43... Qxf1 0-1

[Event "Torneio Nacional Honour 2017-18"]
[Site "Cascais"]
[Date "2018.08.12"]
[Round "3"]
[White "Sa, Claudio Simao Carva"]
[Black "Santos, Jose Barria"]
[Result "0-1"]
[ECO "B23"]
[WhiteElo "1790"]
[BlackElo "2062"]
[Annotator "NA RC"]
[PlyCount "68"]
[EventDate "2018.08.11"]
[EventType "tourn"]
[EventCountry "POR"]
[SourceTitle "playchess.com"]
[Source "ChessBase"]
[SourceQuality "1"]
[TimeControl "5400+30"]

1. e4 c5 2. Nc3 d6 3. f4 g6 4. Nf3 Bg7 5. Bb5+ Bd7 {[%emt 0:00:21] LiveBook: 298 Games} 6. Bxd7+ Nxd7 {[%emt 0:01:32] B23: Closed Sicilian: Lines without g3} (6... Qxd7 7. O-O Nc6 8. d3 e6 9. f5 Nge7 10. fxe6 fxe6 11. Ng5 Ne5 12. Nb5 Qxb5 13. Nxe6 Kd7 14. Nxg7 h5 15. a4 Qb6 16. a5 Qb5 {1-0 (28) Nisipeanu,L (2654)-So,W (2778) Dortmund 2015 CBM 167 [Ramirez Alvarez,Alejandro]}) 7. d3 e6 8. O-O Ne7 9. Qe1 O-O 10. Qh4 Re8 $146 ({Predecessor:} 10... Nc6 11. Qh3 Nd4 {0-1 (26) Bagvilas,L (1740)-Koliasnikovas,A (1571) Vilnius 2017}) 11. g4 Nc6 12. Nb5 Nf8 13. f5 a6 14. Na3 Qxh4 15. Nxh4 {[%emt 0:01:28] [#]} exf5 $1 16. gxf5 b5 17. c3 $17 Ne5 18. Rd1 Bf6 19. Ng2 gxf5 20. exf5 Nf3+ 21. Kf2 Nh4 22. Nxh4 Bxh4+ 23. Kf3 Nd7 24. Rg1+ Kh8 25. Bf4 Ne5+ 26. Bxe5+ Rxe5 27. Kg4 Bf2 28. Rgf1 Rg8+ 29. Kf4 Be3+ 30. Kf3 Bh6 31. Rae1 Rxf5+ 32. Ke2 Rg2+ 33. Kd1 Rd2+ 34. Kc1 Rxf1 0-1

[Event "Torneio Nacional Honour 2017-18"]
[Site "Cascais"]
[Date "2018.08.12"]
[Round "3"]
[White "Santos, Ruben Jose Melo"]
[Black "Lavrador, Rodolfo M Mascarenh"]
[Result "0-1"]
[ECO "A00"]
[WhiteElo "1718"]
[BlackElo "1859"]
[Annotator "NA RC"]
[PlyCount "52"]
[EventDate "2018.08.11"]
[EventType "tourn"]
[EventCountry "POR"]
[SourceTitle "playchess.com"]
[Source "ChessBase"]
[SourceQuality "1"]
[TimeControl "5400+30"]

1. a3 e5 2. e3 d5 3. d4 e4 {[%emt 0:01:45] A00: Irregular Openings} (3... Nd7 4. c4 exd4 5. exd4 Ngf6 6. Nf3 Be7 7. Nc3 O-O 8. Bd3 dxc4 9. Bxc4 Nb6 10. Ba2 Bg4 11. O-O Bxf3 12. Qxf3 {0-1 (44) Cubas,J (2438)-Bordonada,G (2385) ICC INT 2009}) 4. c4 c6 5. Nc3 Nf6 6. Qb3 Be7 7. cxd5 cxd5 8. Bd2 $146 ({Predecessor:} 8. Nge2 Na6 9. Nf4 Nc7 10. Be2 Bd6 11. Bd2 Bxf4 12. exf4 {0-1 (42) Warner,D (2175)-Szmetan,R (2264) Merida 2001}) 8... O-O 9. Nge2 Nc6 10. Nf4 Na5 11. Qa2 Be6 12. b4 Nc6 13. Be2 Rc8 14. f3 Bd6 15. Nxe6 fxe6 16. fxe4 Nxe4 17. Nxe4 Qh4+ 18. Ng3 Bxg3+ 19. Kd1 Bd6 $19 20. Bf3 Rxf3 21. gxf3 Qf2 22. Re1 Qxf3+ 23. Re2 Bxh2 24. b5 Ne7 25. Bb4 Nf5 26. Ke1 Bg1 0-1

[Event "Torneio Nacional Honour 2017-18"]
[Site "Cascais"]
[Date "2018.08.13"]
[Round "4"]
[White "Santos, Jose Barria"]
[Black "Santos, Isabel"]
[Result "0-1"]
[ECO "B17"]
[WhiteElo "2062"]
[BlackElo "2005"]
[Annotator "NA RC"]
[PlyCount "122"]
[EventDate "2018.08.11"]
[EventType "tourn"]
[EventCountry "POR"]
[SourceTitle "playchess.com"]
[Source "ChessBase"]
[SourceQuality "1"]
[TimeControl "5400+30"]

1. e4 c6 2. d4 d5 3. Nc3 dxe4 4. Nxe4 Nd7 5. Nf3 Ngf6 6. Ng3 e6 7. Bd3 c5 8. c3 Be7 9. O-O O-O 10. Re1 b6 11. Qe2 Nd5 $146 {[%emt 0:03:43] [#] B17: Caro-Kann: Modern Line (4...Nd7)} ({Predecessor:} 11... Bb7 12. dxc5 Nxc5 13. Bc2 Qc7 14. c4 Rad8 15. b3 a5 16. Bb2 Qf4 17. Be5 Bxf3 18. Bxf4 Bxe2 19. Rxe2 {½-½ (48) Tiviakov,S (2643)-Navara,D (2656) Heraklio 2007}) 12. Bd2 ({Keinesfalls} 12. Qe4 $6 N7f6 $14) ({Der einzige Zug:} 12. c4 $1 $18 Nc7 13. Be4 (13. Qe4 f5 $16)) 12... Bb7 13. Rad1 Qc7 14. Bc2 Rad8 15. a3 N7f6 16. dxc5 Bxc5 17. Ne5 a5 18. c4 Ne3 19. Bxe3 Qxe5 20. Bxc5 Qxc5 21. h3 Ba6 22. Bd3 Rc8 23. Ne4 Nxe4 24. Qxe4 g6 25. Bf1 Rc7 26. Qb1 Qe7 27. c5 Bxf1 28. cxb6 Rb7 29. Kxf1 Rxb6 30. Rd2 Rfb8 31. Qc1 Qf6 32. Ree2 Kg7 33. Kg1 Rb3 34. Rc2 R8b5 35. Rcd2 Qg5 36. Kh1 Qf6 37. Rc2 g5 38. Kg1 h5 39. Red2 g4 40. hxg4 hxg4 41. Rc3 Rxc3 42. Qxc3 Qxc3 43. bxc3 Rb3 44. Rd4 f5 45. Ra4 Rxc3 46. Rxa5 g3 47. fxg3 Rxg3 48. Kf2 Rb3 49. a4 Kf6 50. Ra8 Ra3 51. a5 Ke5 52. a6 Kf4 53. a7 Ra2+ 54. Ke1 e5 55. Kf1 Ke3 56. g3 {[%emt 0:00:47] [#]} e4 $2 (56... Kf3 $1 $19 57. Ke1 e4) 57. Rf8 $1 Rxa7 58. Rxf5 Ra1+ 59. Kg2 Ke2 60. Rf2+ Kd3 61. Rf1 $2 (61. Rf6 $11) 61... Rxf1 0-1

[Event "Torneio Nacional Honour 2017-18"]
[Site "Cascais"]
[Date "2018.08.13"]
[Round "4"]
[White "Guia, Artur Solovyov Eloy"]
[Black "Sa, Claudio Simao Carva"]
[Result "1/2-1/2"]
[ECO "C01"]
[WhiteElo "1818"]
[BlackElo "1790"]
[Annotator "NA RC"]
[PlyCount "63"]
[EventDate "2018.08.11"]
[EventType "tourn"]
[EventCountry "POR"]
[SourceTitle "playchess.com"]
[Source "ChessBase"]
[SourceQuality "1"]
[TimeControl "5400+30"]

1. e4 e6 2. d4 d5 3. exd5 exd5 4. Bd3 Nc6 {[%emt 0:00:17] LiveBook: 617 Games} 5. c3 Bd6 6. Nf3 Bg4 7. O-O Nge7 8. Re1 Qd7 9. a4 {[%emt 0:00:12] C01: French: Exchange Variation} (9. Nbd2 f6 10. b4 O-O 11. Nf1 Rae8 12. a4 Ng6 13. Ne3 Be6 14. g3 Nce7 15. Ra2 Nf5 16. Ng2 Bf7 17. Rae2 Rxe2 18. Rxe2 Re8 {½-½ (40) Leko,P (2731)-Morozevich,A (2724) Sochi 2014}) 9... O-O 10. Na3 a6 11. Nc2 f5 $146 ({Predecessor:} 11... Kh8 12. Ne3 Bh5 13. Nf1 f6 14. Ng3 Bg6 15. Ne2 Bxd3 16. Qxd3 {½-½ (71) Tavoularis,N (2167)-Westerberg,J (2397) Budapest 2014}) 12. Ne3 f4 13. Nxg4 Qxg4 14. h3 Qh5 $11 {[%emt 0:02:24] keeps the balance.} 15. Nd2 Qh4 16. Nf3 Qf6 17. Qc2 h6 18. b3 Nd8 19. Ba3 Nf7 20. Bxd6 cxd6 21. Qe2 Ng6 22. Qe6 Nge5 23. Qxf6 Nxf3+ 24. gxf3 gxf6 25. Re7 Ng5 26. Kg2 Rf7 {[%emt 0:00:50] [#]} 27. Rae1 $1 Kf8 28. Rxf7+ ({Better is} 28. R7e2 $18) 28... Kxf7 29. h4 Ne6 $16 30. Bf5 Ng7 31. Bd3 f5 32. Kf1 1/2-1/2